 Dungeon Crawl Stone Soup version 0.31-a0-175-g9f7f995f2b (webtiles) character file.

Game seed: 17966826968151858493

214 FuzzyBarbErik the Cudgeller (level 5, -10/33 HPs)
             Began as a Gargoyle Fighter on June 18, 2023.
             Mangled by an ogre
             ... wielding a +0 giant club
              (22 damage)
             ... on level 4 of the Dungeon.
             The game lasted 00:07:19 (2321 turns).

FuzzyBarbErik the Cudgeller (Gargoyle Fighter)      Turns: 2321, Time: 00:07:20

Health: -10/33     AC: 11    Str: 20 (21) XL:     5   Next: 91%
Magic:  5/5        EV:  9    Int:  8 (9)  God:
Gold:   166        SH:  4    Dex:  6 (9)  Spells: 4/4 levels left

rFire   . . .        a - +0 flail
rCold   . . .        c - +0 buckler
rNeg    + . .        b - +0 scale mail
rPois   ∞            (no helmet)
rElec   +            (no cloak)
rCorr   .            (no gloves)
SInv    .            (no boots)
Will    .....        (no amulet) Stlth
                     (no ring)
HPRegen 0.25/turn    (no ring)
MPRegen 0.09/turn

%: no passive effects
@: mighty
A: sickness immunity, AC +4, negative energy resistance 1, electricity
resistance, torment resistance 1, petrification resistance
a: no special abilities


You were on level 4 of the Dungeon.
You visited 1 branch of the dungeon, and saw 4 of its levels.

You collected 166 gold pieces.

Inventory:

Hand Weapons
 a - a +0 flail (weapon)
Armour
 b - a +0 scale mail (worn)
 c - a +0 buckler (worn)
 m - a +0 ring mail
Scrolls
 h - a scroll of fear {unknown}
 i - a scroll of amnesia {unknown}
 k - a scroll of enchant armour {unknown}
Potions
 e - 2 potions of heal wounds
 f - 2 potions of curing
 g - a potion of brilliance {unknown}
 j - 2 potions of lignification
 l - a potion of degeneration


   Skills:
 + Level 3.7 Fighting
 * Level 4.3 Maces & Flails
 + Level 4.1 Armour
 * Level 1.4 Dodging
 + Level 3.7 Shields


You had 4 spell levels left.
You didn't know any spells.
Your spell library contained the following spells:

 Spells                   Type           Power      Damage    Failure   Level
 Slow                     Hex            0%         N/A       83%         1
 Confusing Touch          Hex            0%         N/A       99%         3
 Stone Arrow              Conj/Erth      0%         3d7       99%         3
 Vampiric Draining        Necr           0%         2d6       99%         3
 Animate Armour           Summ/Erth      0%         N/A       100%        4
 Lehudib's Crystal Spear  Conj/Erth      0%         10d2      100%        8


Dungeon Overview and Level Annotations

Branches:
Dungeon (4/15)
 Temple: D:4-7

Altars:


Innate Abilities, Weirdness & Mutations

You are immune to sickness and miasma.
Your stone body is resilient. (AC +4)
You are immune to poison.
You resist negative energy. (rN+)
You are resistant to electric shocks. (rElec)
You are resistant to unholy torment.
You are immune to petrification.


Message History

There is an open door here.
Found a stone staircase leading up.
There is an open door here.
An ogre and an adder come into view.
The ogre shouts!
The adder hisses angrily.
There is an open door here.
There is an open door here.
You open the door.
A rat, a giant cockroach and a quokka come into view.
The quokka moves out of view.
There is an open door here.
You enter the shallow water.
Moving in this stuff is going to be slow.
The rat bites you. You block the rat's attack. The giant cockroach bites you.
You hit the rat.
The rat is moderately wounded.
The giant cockroach barely misses you.
The rat splashes around in the water.
The giant cockroach barely misses you.
You open the door. The rat bites you but does no damage.
You block the ogre's attack.
The giant cockroach splashes around in the water.
The rat attacks as you move away!
The rat splashes around in the water.
The ogre attacks as you move away! The ogre hits you with a +0 giant club!
The adder bites you but does no damage.
There is an open door here.
You feel very mighty all of a sudden.
You hear the brisk rusting of a drain very nearby.
The adder bites you but does no damage. The rat misses you.
The adder barely misses you.
You closely miss the adder. The rat closely misses you.
The adder bites you but does no damage. The rat closely misses you.
You miss the adder. The adder barely misses you. The adder closely misses you.
You closely miss the ogre. The adder barely misses you.
You sock the ogre!
The ogre is heavily wounded.
The adder barely misses you.
The ogre hits you with a +0 giant club!!
Ouch! That really hurt!
You die...

#. # #. #. #.
#.##########.##
#...S......#..###
#..@##'.##.##.#.##
#...#Or#..O.##....###
+.....##B~##..S.........
####..#~~~~#.####....###
#. #~~~~#.# #.#.## ##
##~~##.# #.### #~~#..#
#.# #++##.# #.# #.# #.#


You could see an ogre, an adder, a giant cockroach and a rat.

Vanquished Creatures
  A hound (D:4)
  An orc priest (D:3)
  A sleepcap (D:4)
  4 gnolls (D:4)
  An adder (D:2)
  A worm (D:3)
  5 orcs
  6 ball pythons
  7 bats
  5 endoplasms
  5 giant cockroaches
  6 goblins
  3 hobgoblins
  4 jackals (D:1)
  8 kobolds
  3 quokkas
  6 frilled lizards
  6 rats
73 creatures vanquished.

Notes
Turn   | Place    | Note
-------+----------+-------------------------------------------
     0 | D:1      | FuzzyBarbErik the Gargoyle Fighter began the quest for the
                  | Orb.
     0 | D:1      | Reached XP level 1. HP: 14/14 MP: 1/1
    45 | D:1      | Reached XP level 2. HP: 16/19 MP: 2/2
   487 | D:1      | Reached XP level 3. HP: 23/23 MP: 3/3
  1164 | D:3      | Reached XP level 4. HP: 19/28 MP: 4/4
  1256 | D:3      | Reached skill level 1 in Dodging
  2084 | D:4      | Reached XP level 5. HP: 30/32 MP: 5/5
  2290 | D:4      | Noticed an ogre
  2321 | D:4      | Mangled by an ogre

Illustrated notes

Levels and vault maps discovered:
D:1:      dpeg_arrival_simpleton_c, layout_loops_ring,
          wander_ebering_terrifying_dragon_lair
D:2:      layout_rooms, nrook_mini_vaults, minmay_misc_feat_alley,
          nicolae_the_louvre
D:3:      wander_river, layout_basic, chequers_decorated_corner
D:4:      layout_loops_corners, lemuel_temple_firewalk_b, gup_sewer_entry_bowl

Skill      XL: |  1  2  3  4  5 |
---------------+----------------+-----
Maces & Flails | 3 4 |  4.3
Dodging        | 1 |  1.4
Armour         | 4 |  4.1
Fighting       | |  3.7
Shields        | |  3.7

Action                     |  1- 3 |  4- 6 || total
---------------------------+-------+-------++-------
  Melee: Flail             |    95 |   155 ||   250
    Use: Scroll            |     2 |       ||     2
         Potion            |       |     6 ||     6
 Armour: Scale mail        |    49 |    84 ||   133
         Skin              |       |     4 ||     4
  Dodge: Dodged            |    48 |    73 ||   121
  Block: Buckler           |    25 |    33 ||    58

Table legend: (Time is in decaauts)
 A = Elapsed time spent in this place.
 B = Non-inter-level travel time spent in this place.
 C = Inter-level travel time spent in this place.
 D = Time resting spent in this place.
 E = Time spent auto-exploring this place.
 F = Levels seen in this place.
 G = Mean time per level.
                   A        B        C        D        E       F      G
               +--------+--------+--------+--------+--------+-----+--------+
         Total |   2407 |   2371 |     36 |     89 |   1454 |   4 |  601.8 |
       Dungeon |   2407 |   2371 |     36 |     89 |   1454 |   4 |  601.8 |
               +--------+--------+--------+--------+--------+-----+--------+

Top non-repeatable levels by time:
     D:3: 875 daAuts
     D:1: 723 daAuts
     D:2: 551 daAuts
     D:4: 256 daAuts
